 Dungeon Crawl Stone Soup version 0.29.1-15-g9cfb28693d (webtiles) character file.

Game seed: 2510478528949011288

3964 H0rd4k the Insei (level 10, -8/71 HPs)
             Began as an Octopode Artificer on Mar 7, 2023.
             Was an Initiate of Gozag.
             Mangled by a boulder beetle (21 damage)
             ... on level 9 of the Dungeon.
             The game lasted 00:09:27 (9449 turns).

H0rd4k the Insei (Octopode Artificer)               Turns: 9449, Time: 00:09:28

Health: -8/71      AC:  1    Str: 11    XL:     10   Next: 22%
Magic:  19/19      EV: 13    Int: 17    God:    Gozag
Gold:   830        SH:  0    Dex: 14    Spells: 22/22 levels left

rFire   . . .      SeeInvis +     - Unarmed
rCold   . . .      Faith    .   (no shield)
rNeg    . . .      Spirit   .   (helmet restricted)
rPois   +          Reflect  .   m - amulet of regeneration
rElec   .          Harm     .   e - ring of see invisible
rCorr   .          Rampage  .   B - ring of poison resistance
Will    .....                   (no ring)
Stlth   +++.......              (no ring)
HPRegen 1.01/turn               (no ring)
MPRegen 0.16/turn               (no ring)
                                (no ring)
                                (no ring)

@: no status effects
A: almost no armour, amphibious, 8 rings, camouflage 1, gelatinous body 1,
(nimble swimmer 1), tentacles
a: Renounce Religion, Potion Petition, Call Merchant, Bribe Branch


You were on level 9 of the Dungeon.
You worshipped Gozag.
Gozag was pleased with you.
You visited 2 branches of the dungeon, and saw 10 of its levels.

You collected 924 gold pieces.
You paid 94 gold pieces to Gozag.

Inventory:

Missiles
 i - 14 poisoned darts
 l - 3 atropa-tipped darts
Jewellery
 e - a ring of see invisible (left tentacle)
 m - an amulet of regeneration (around mantle)
 B - a ring of poison resistance (right tentacle)
Wands
 b - a wand of flame (4) (quivered)
 c - a wand of charming (6)
Scrolls
 d - a scroll of fear {unknown}
 j - 2 scrolls of amnesia
 k - a scroll of brand weapon
 p - 3 scrolls of teleportation
 s - 2 scrolls of magic mapping
 v - 2 scrolls of noise
 w - a scroll of summoning {unknown}
 y - a scroll of blinking {unknown}
 A - a scroll of fog {unknown}
 C - a scroll of vulnerability {unknown}
Potions
 a - 7 potions of curing
 f - 2 potions of brilliance
 g - 3 potions of berserk rage
 n - 2 potions of attraction
 o - 2 potions of degeneration {unknown}
 q - a potion of ambrosia {unknown}
 r - a potion of cancellation {unknown}
 t - a potion of lignification {unknown}
 u - a potion of flight {unknown}
 x - a potion of might {unknown}
 z - a potion of haste {unknown}
 D - a potion of heal wounds {unknown}
 E - a potion of mutation {unknown}


   Skills:
 + Level 7.1 Fighting
 + Level 6.6 Throwing
 - Level 2.3 Dodging
 - Level 1.3 Stealth
 - Level 7.6 Unarmed Combat
 * Level 6.5 Spellcasting
 - Level 3.2 Evocations


You had 22 spell levels left.
You didn't know any spells.
Your spell library contained the following spells:

 Spells                   Type           Power      Damage    Failure   Level
 Slow                     Hex            20%        N/A       12%         1
 Confusing Touch          Hex            5%         N/A       36%         3
 Vampiric Draining        Necr           5%         2d6       36%         3
 Fulminant Prism          Conj/Hex       2%         3d6       77%         4
 Iskenderun's Mystic Bla  Conj/Tloc      5%         2d3       77%         4
 Alistair's Intoxication  Tmut/Pois      3%         N/A       98%         5
 Borgnjor's Vile Clutch   Necr/Erth      2%         N/A       98%         5
 Lee's Rapid Deconstruct  Erth           2%         3d6*      98%         5
 Eringya's Noxious Bog    Tmut/Pois      2%         N/A       100%        6


Dungeon Overview and Level Annotations

Branches:
Dungeon (9/15)             Temple (1/1) D:5
   Lair: D:8-11         Orc: D:9-12

Altars:
Ashenzari
Cheibriados
Dithmenos
Elyvilon
Gozag
Hepliaklqana
Kikubaaqudgha
Makhleb
Nemelex Xobeh
Okawaru
Qazlal
Ru
Sif Muna
Trog
Uskayaw
Vehumet
Wu Jian
Xom
Yredelemnul
Zin

Shops:
D:1 :

Portals:
Bailey: D:9

Annotations:
D:2 exclusion: downstairs
D:7 exclusion: downstairs
D:8 exclusions: two-headed ogre and 1 more exclusion


Innate Abilities, Weirdness & Mutations

You cannot wear most types of armour.
You are amphibious.
You can wear up to eight rings at the same time.
Your skin changes colour to match your surroundings (Stealth+).
Your rubbery body absorbs attacks. (AC +1, EV +1)
((You are camouflaged when in or above water. (Stealth+)))
You have tentacles for arms and can constrict up to eight enemies at once.


Message History

Your two-headed ogre hits something with a +0 giant club!!
You feel a bit more experienced.
Your Fighting skill increases to level 7!
A boulder beetle comes into view.
Found two hand axes.
Found a flagged portal.
Your two-headed ogre hits the boulder beetle but does no damage.
Your two-headed ogre hits the boulder beetle with a +0 giant spiked club!
The boulder beetle bites your two-headed ogre!!
Your two-headed ogre hits the boulder beetle with a +0 giant club!
Your two-headed ogre hits the boulder beetle with a +0 giant spiked club!
The boulder beetle bites your two-headed ogre!!
Your two-headed ogre dies!
The puff of flame hits the boulder beetle but does no damage.
The boulder beetle is heavily wounded.
The puff of flame hits the boulder beetle but does no damage.
The boulder beetle is heavily wounded.
The puff of flame hits the boulder beetle.
The boulder beetle is severely wounded.
The boulder beetle curls into a ball and begins rolling!
Okay, then.
The puff of flame hits the boulder beetle but does no damage.
The boulder beetle is severely wounded.
The puff of flame hits the boulder beetle but does no damage.
The boulder beetle is severely wounded.
The puff of flame hits the boulder beetle but does no damage.
The boulder beetle is severely wounded.
The boulder beetle hits you!!
The boulder beetle stops rolling and uncurls.
You tentacle-slap the boulder beetle.
The boulder beetle is severely wounded.
You barely miss the boulder beetle.
The boulder beetle is severely wounded.
The boulder beetle waves its antennae.
The boulder beetle bites you!!
* * * LOW HITPOINT WARNING * * *
You tentacle-slap the boulder beetle. You squeeze the boulder beetle.
The boulder beetle is severely wounded.
The boulder beetle bites you!!
You die...
Your body crumbles into a pile of gold.

#.......# #.......#
###.......# ..........#
.#........# ..........#
.$$.......##############
#...>.B@'..........<.#
..........##############
..####.#### ... #..)
#.)∩ #..) ....


You could see a boulder beetle.

Vanquished Creatures
  4 unseen horror zombies (D:8)
  Grinder (D:3)
  A water moccasin (D:5)
  An orc warrior (D:8)
  2 ogres (D:6)
  2 phantoms
  5 bullfrogs
  A kobold brigand (D:8)
  2 necrophages
  A wyvern zombie (D:8)
  5 scorpions
  2 wights (D:8)
  2 howler monkeys
  2 jellies (D:5)
  2 centaur zombies (D:8)
  An orc priest (D:8)
  6 hounds
  A gnoll bouda (D:7)
  2 iguanas
  6 orc wizards
  3 killer bee zombies (D:8)
  Robin (D:3)
  3 gnolls (D:7)
  9 adders
  A shadow imp (D:5)
  4 worms
  26 orcs
  5 ball pythons
  6 endoplasms
  11 giant cockroaches (D:2)
  12 goblins
  9 hobgoblins
  8 jackals
  3 quokkas
  6 bats
  4 frilled lizards
  6 kobolds
  7 rats
173 creatures vanquished.

Vanquished Creatures (collateral kills)
  Maurice (D:9)
  A jelly (D:8)
2 creatures vanquished.

Vanquished Creatures (others)
  A two-headed ogre (D:9)
  A jelly (D:7)
  An orc (D:3)
  A goblin (D:3)
4 creatures vanquished.

Grand Total: 179 creatures vanquished

Notes
Turn   | Place    | Note
-------+----------+-------------------------------------------
     0 | D:1      | H0rd4k the Octopode Artificer began the quest for the Orb.
     0 | D:1      | Reached XP level 1. HP: 13/13 MP: 1/1
    53 | D:1      | Reached XP level 2. HP: 2/18 MP: 1/3
   455 | D:1      | Reached skill level 1 in Spellcasting
   877 | D:1      | Found Noschole's Book Shop.
  1589 | D:1      | Found a faded altar of an unknown god.
  1597 | D:1      | Reached XP level 3. HP: 24/24 MP: 4/4
  1919 | D:2      | Reached skill level 1 in Unarmed Combat
  2917 | D:2      | Reached XP level 4. HP: 29/29 MP: 6/6
  3782 | D:3      | Noticed Robin
  4193 | D:3      | Reached XP level 5. HP: 34/36 MP: 6/8
  4245 | D:3      | Noticed Grinder
  4343 | D:3      | Killed Robin
  4490 | D:3      | Paralysed by Grinder for 2 turns
  4494 | D:3      | Killed Grinder
  4495 | D:3      | Reached XP level 6. HP: 15/42 MP: 9/9
  4786 | D:4      | Reached skill level 5 in Unarmed Combat
  4786 | D:4      | Reached XP level 7. HP: 36/47 MP: 11/11
  5243 | D:5      | Entered Level 5 of the Dungeon
  5387 | D:5      | Reached XP level 8. HP: 34/54 MP: 12/12
  5553 | D:5      | Found a staircase to the Ecumenical Temple.
  5562 | Temple   | Entered the Ecumenical Temple
  5613 | Temple   | Became a worshipper of Gozag Ym Sagoz the Greedy
  5753 | D:5      | Found a hazy altar of Hepliaklqana.
  5754 | D:5      | Found a shimmering altar of Xom.
  5756 | D:5      | Noticed a spectral ugly thing
  5756 | D:5      | Noticed a tentacled monstrosity
  5852 | D:5      | Found a bloodstained altar of Trog.
  5906 | D:5      | Found a basalt altar of Yredelemnul.
  5982 | D:5      | Found a shimmering blue altar of Sif Muna.
  6003 | D:5      | Found a burning altar of Makhleb.
  6611 | D:6      | Reached skill level 5 in Fighting
  6983 | D:6      | Reached skill level 1 in Throwing
  7474 | D:7      | Reached XP level 9. HP: 61/61 MP: 15/15
  7925 | D:8      | Found an ornate altar of the Wu Jian Council.
  7982 | D:8      | Reached skill level 5 in Spellcasting
  8155 | D:8      | Noticed a two-headed ogre
  8569 | D:8      | Found an ancient bone altar of Kikubaaqudgha.
  8642 | D:8      | Reached skill level 5 in Throwing
  8951 | D:8      | Reached XP level 10. HP: 34/69 MP: 19/19
  9428 | D:9      | Noticed a two-headed ogre
  9435 | D:9      | Noticed Maurice
  9436 | D:9      | Killed Maurice
  9437 | D:9      | Noticed a boulder beetle
  9438 | D:9      | Found a flagged portal.
  9449 | D:9      | Mangled by a boulder beetle

Illustrated notes

Levels and vault maps discovered:
D:1:      minmay_arrival_four_loops, layout_loops_corners, serial_shops, shop,
          ebering_ecumenical_altar_sacrificial, moated_statue,
          minmay_hedge_maze, minmay_misc_feat_cross,
          chequers_serial_rivers_small_b
D:2:      minmay_roachtagon, layout_basic, nicolae_hexahallways,
          nicolae_concentric_dashed_squares_wild
D:3:      layout_basic, kennysheep_doodads, minmay_misc_feat_chi, uniq_robin,
          uniq_grinder
D:4:      layout_rooms, serial_curves, eino_curves_01, eino_curves_03
D:5:      layout_loops_corners, regret_index_temple_of_mockery,
          nicolae_overflow_quartered_altars, temple_fountains,
          nicolae_underground_beach
D:6:      layout_gridville
D:7:      layout_rooms
D:8:      layout_basic, nicolae_wu_jian_glorious_leap,
          mainiacjoe_overflow_24_doors, serial_undead, serial_undead_a,
          serial_undead_a, serial_undead_b, serial_undead_a
D:9:      minmay_curly_fans, layout_basic,
          mainiacjoe_overflow_concentric_impassable, kennysheep_mini_moat,
          enter_bailey_2, uniq_erica, uniq_maurice
Temple:   nicolae_temple_hex_pool

Skill      XL: |  1  2  3  4  5  6  7  8  9 10 |
---------------+-------------------------------+-----
Spellcasting   | 1 2 3 4 6 |  6.5
Fighting       | 2 3 4 5 6 7 |  7.1
Unarmed Combat | 1 2 4 5 6 7 |  7.6
Throwing       | 2 5 6 |  6.6
Dodging        | |  2.3
Stealth        | |  1.3
Evocations     | |  3.2

Action                   |  1- 3 |  4- 6 |  7- 9 | 10-12 || total
-------------------------+-------+-------+-------+-------++-------
Melee: Unarmed           |   120 |   130 |   268 |    16 ||   534
       Tentacles         |    27 |    31 |    73 |     5 ||   136
       Constrict         |    23 |    36 |    57 |     3 ||   119
       Punch             |     1 |     6 |    24 |       ||    31
Throw: Dart              |       |       |    41 |       ||    41
Evoke: Wand              |       |    14 |    20 |    11 ||    45
  Use: Scroll            |       |       |       |     9 ||     9
 Stab: Sleeping          |     8 |     5 |     7 |       ||    20
       Distracted        |       |       |     2 |       ||     2
Armor: Skin              |     6 |    13 |    15 |       ||    34
Dodge: Dodged            |    82 |    66 |   146 |    13 ||   307
